[ AOE2 MATCH · #459076306 ]
UnrankedKhmer vs Saracens
[ REPLAY ANALYSIS · EXTRACTED FROM THE RECORDED GAME ]
Feudal
11:02
Castle
21:29
Imperial
28:54
| APM avg | 9.8 |
| APM peak | 22 |
| eAPM avg | 9.2 |
| Villagers / military | 131 / 122 |
Focus
⚔️ 29.6% · 🌾 70.4%
Ballista Elephant ×57 · Scorpion ×48 · Trade Cart ×18 · Battle Elephant ×17
Feudal
11:26
Castle
17:16
Imperial
35:37
| APM avg | 15.2 |
| APM peak | 44 |
| eAPM avg | 12.0 |
| Villagers / military | 81 / 293 |
Focus
⚔️ 27.2% · 🌾 72.8%
Trade Cart ×175 · Camel Scout ×144 · Mameluke ×109 · Monk ×15 · Scorpion ×15 · Battering Ram ×10
Feudal
9:44
Castle
16:51
Imperial
32:04
| APM avg | 18.3 |
| APM peak | 46 |
| eAPM avg | 11.8 |
| Villagers / military | 72 / 119 |
Focus
⚔️ 29.5% · 🌾 70.5%
Kona ×69 · Trade Cart ×53 · Mangonel ×20 · Trebuchet (Packed) ×16 · Skirmisher ×10 · Spearman ×3
Feudal
12:35
Castle
17:20
Imperial
34:32
| APM avg | 17.6 |
| APM peak | 57 |
| eAPM avg | 14.7 |
| Villagers / military | 140 / 329 |
Focus
⚔️ 26.0% · 🌾 74.0%
Cavalry Archer ×212 · Trade Cart ×122 · Scout Cavalry ×76 · Unknown (1263) ×30 · Battering Ram ×15 · Keshik ×6
Feudal
—
Castle
—
Imperial
—
| APM avg | 17.6 |
| APM peak | 40 |
| eAPM avg | 11.2 |
| Villagers / military | 69 / 69 |
Focus
⚔️ 20.3% · 🌾 79.7%
Trade Cart ×95 · Knight ×27 · Conquistador ×20 · Mangonel ×10 · Spearman ×8 · Scorpion ×2
Feudal
8:10
Castle
17:36
Imperial
35:55
| APM avg | 9.5 |
| APM peak | 34 |
| eAPM avg | 8.1 |
| Villagers / military | 103 / 71 |
Focus
⚔️ 23.9% · 🌾 76.1%
Ballista Elephant ×52 · Trade Cart ×15 · Scout Cavalry ×10 · Battle Elephant ×7 · Trebuchet (Packed) ×2
Match map
Initial resources + every placement click. Lines = walls · curves = elevation contours. ◆ gold · ⬟ stone · ● berries · ✦ relic · ◌ wall gap
Inputs per minute
— IsaacNewton - - marvin
Build order — IsaacNewton
First 150 of 402 actions detected
| 0:17 | Research | Loom |
| 0:18 | Create | Villager (Male) |
| 0:18 | Create | Villager (Male) |
| 0:19 | Create | Villager (Male) |
| 0:19 | Create | Villager (Male) |
| 1:34 | Create | Villager (Male) |
| 1:35 | Create | Villager (Male) |
| 1:46 | Build | House |
| 1:47 | Build | House |
| 1:49 | Build | House |
| 1:51 | Build | House |
| 1:53 | Build | House |
| 2:48 | Create | Villager (Male) |
| 2:48 | Create | Villager (Male) |
| 3:02 | Create | Villager (Male) |
| 3:02 | Create | Villager (Male) |
| 3:26 | Build | Lumber Camp |
| 3:52 | Build | Mill |
| 4:09 | Create | Villager (Male) |
| 4:09 | Create | Villager (Male) |
| 5:02 | Create | Villager (Male) |
| 5:02 | Create | Villager (Male) |
| 5:48 | Create | Villager (Male) |
| 6:35 | Create | Villager (Male) |
| 6:35 | Create | Villager (Male) |
| 7:20 | Build | Lumber Camp |
| 7:46 | Build | Mining Camp |
| 8:08 | Create | Villager (Male) |
| 8:41 | Build | Mill |
| 8:52 | Research | Feudal Age |
| 9:09 | Create | Villager (Male) |
| 9:10 | Create | Villager (Male) |
| 9:10 | Create | Villager (Male) |
| 9:11 | Create | Villager (Male) |
| 10:26 | Build | House |
| 10:27 | Build | House |
| 10:28 | Build | House |
| 10:29 | Build | House |
| 10:30 | Build | House |
| 10:31 | Build | House |
| 10:37 | Build | House |
| 10:38 | Build | House |
| 10:39 | Build | House |
| 11:02 | Age | Feudal Age |
| 11:09 | Build | Market |
| 11:10 | Build | Market |
| 11:12 | Build | Market |
| 11:31 | Research | Double-Bit Axe |
| 11:34 | Research | Horse Collar |
| 11:39 | Research | Gold Mining |
| 11:49 | Create | Villager (Male) |
| 11:49 | Create | Villager (Male) |
| 11:49 | Create | Villager (Male) |
| 12:13 | Build | Mining Camp |
| 12:37 | Build | Mining Camp |
| 12:47 | Create | Villager (Male) |
| 12:49 | Research | Wheelbarrow |
| 13:36 | Create | Villager (Male) |
| 13:37 | Create | Villager (Male) |
| 14:08 | Build | Lumber Camp |
| 14:36 | Build | Farm |
| 14:37 | Build | Farm |
| 14:38 | Build | Farm |
| 14:40 | Build | Farm |
| 14:41 | Build | Farm |
| 14:42 | Build | Farm |
| 14:43 | Build | Farm |
| 14:45 | Build | Farm |
| 15:15 | Create | Villager (Male) |
| 15:15 | Create | Villager (Male) |
| 15:30 | Research | Stone Mining |
| 15:58 | Build | Farm |
| 16:00 | Build | Farm |
| 16:02 | Build | Farm |
| 16:05 | Build | Farm |
| 16:08 | Build | Farm |
| 16:09 | Build | Farm |
| 16:31 | Create | Trade Cart |
| 16:40 | Create | Trade Cart |
| 16:50 | Create | Trade Cart |
| 17:16 | Build | Farm |
| 17:17 | Build | Farm |
| 17:24 | Build | Farm |
| 17:34 | Build | Farm |
| 17:44 | Create | Villager (Male) |
| 17:45 | Create | Villager (Male) |
| 18:05 | Build | Farm |
| 18:09 | Build | Farm |
| 18:19 | Build | House |
| 18:20 | Build | House |
| 18:21 | Build | House |
| 18:22 | Build | House |
| 18:49 | Research | Castle Age |
| 19:40 | Build | House |
| 19:41 | Build | House |
| 19:44 | Build | House |
| 19:45 | Build | House |
| 19:55 | Build | House |
| 19:57 | Build | House |
| 19:58 | Build | House |
| 20:05 | Build | House |
| 20:07 | Build | House |
| 20:08 | Build | House |
| 20:13 | Build | Building 487 |
| 20:15 | Build | Building 487 |
| 20:20 | Create | Villager (Male) |
| 20:21 | Create | Villager (Male) |
| 20:21 | Create | Villager (Male) |
| 20:22 | Create | Villager (Male) |
| 20:22 | Create | Villager (Male) |
| 20:22 | Create | Villager (Male) |
| 21:29 | Age | Castle Age |
| 21:35 | Research | Hand Cart |
| 21:40 | Research | Heavy Plow |
| 21:46 | Research | Bow Saw |
| 21:57 | Create | Villager (Male) |
| 21:57 | Create | Villager (Male) |
| 21:58 | Create | Villager (Male) |
| 21:58 | Create | Villager (Male) |
| 21:58 | Create | Villager (Male) |
| 21:58 | Create | Villager (Male) |
| 21:59 | Create | Villager (Male) |
| 21:59 | Create | Villager (Male) |
| 22:00 | Create | Villager (Male) |
| 22:28 | Build | Farm |
| 22:31 | Build | Farm |
| 23:19 | Build | Stone Wall |
| 23:26 | Build | Building 487 |
| 23:28 | Build | Building 487 |
| 23:31 | Build | Building 487 |
| 23:36 | Create | Villager (Male) |
| 23:36 | Create | Villager (Male) |
| 23:36 | Create | Villager (Male) |
| 23:37 | Create | Villager (Male) |
| 23:37 | Create | Villager (Male) |
| 23:56 | Build | Farm |
| 23:57 | Build | Farm |
| 23:58 | Build | Farm |
| 24:07 | Research | Gold Shaft Mining |
| 24:13 | Research | Stone Shaft Mining |
| 24:51 | Build | Lumber Camp |
| 25:15 | Research | Imperial Age |
| 25:30 | Create | Villager (Male) ×5 |
| 25:30 | Create | Villager (Male) ×5 |
| 25:30 | Create | Villager (Male) ×3 |
| 25:56 | Build | Castle |
| 26:40 | Build | House |
| 26:41 | Build | House |
| 26:42 | Build | House |
| 26:43 | Build | House |
Build order — marvin
First 150 of 451 actions detected
| 0:01 | Create | Villager (Male) |
| 0:01 | Create | Villager (Male) |
| 0:01 | Create | Villager (Male) |
| 0:02 | Create | Villager (Male) |
| 0:02 | Create | Villager (Male) |
| 0:13 | Build | Lumber Camp |
| 0:55 | Create | Villager (Male) |
| 1:51 | Build | House |
| 1:57 | Research | Loom |
| 2:02 | Create | Villager (Male) |
| 2:35 | Build | Mill |
| 2:36 | Create | Villager (Male) |
| 2:46 | Build | House |
| 2:50 | Build | House |
| 3:43 | Create | Villager (Male) |
| 3:43 | Create | Villager (Male) |
| 3:43 | Create | Villager (Male) |
| 4:16 | Build | Mill |
| 4:18 | Create | Villager (Male) |
| 4:30 | Build | Mining Camp |
| 5:16 | Create | Villager (Male) |
| 5:16 | Create | Villager (Male) |
| 5:16 | Create | Villager (Male) |
| 5:28 | Create | Villager (Male) |
| 5:28 | Create | Villager (Male) |
| 6:40 | Create | Villager (Male) |
| 6:40 | Create | Villager (Male) |
| 6:42 | Create | Villager (Male) |
| 6:46 | Create | Villager (Male) |
| 8:42 | Build | Farm |
| 8:57 | Build | Farm |
| 9:03 | Build | Farm |
| 9:10 | Build | Farm |
| 9:16 | Research | Feudal Age |
| 9:32 | Build | House |
| 9:50 | Build | Mining Camp |
| 11:26 | Age | Feudal Age |
| 11:27 | Create | Villager (Male) |
| 11:27 | Create | Villager (Male) |
| 11:34 | Build | Market |
| 12:02 | Build | Blacksmith |
| 12:17 | Research | Wheelbarrow |
| 12:27 | Research | Double-Bit Axe |
| 12:31 | Research | Horse Collar |
| 12:38 | Research | Gold Mining |
| 12:38 | Research | Stone Mining |
| 13:03 | Build | Market |
| 13:18 | Build | Lumber Camp |
| 13:46 | Create | Villager (Male) |
| 13:50 | Create | Villager (Male) |
| 14:03 | Research | Castle Age |
| 15:13 | Build | Stone Wall |
| 15:17 | Build | Stone Wall |
| 15:24 | Build | Stone Wall |
| 15:29 | Build | Stone Wall |
| 15:36 | Build | Stone Wall |
| 15:42 | Build | Stone Wall |
| 15:48 | Build | Stone Wall |
| 15:53 | Build | Stone Wall |
| 16:05 | Build | Stone Wall |
| 16:08 | Build | Stone Wall |
| 16:13 | Build | Stone Wall |
| 16:21 | Build | Stone Wall |
| 16:36 | Create | Trade Cart ×5 |
| 16:59 | Create | Trade Cart |
| 17:00 | Create | Trade Cart |
| 17:06 | Build | House |
| 17:16 | Age | Castle Age |
| 17:21 | Research | Hand Cart |
| 17:31 | Build | Farm |
| 17:31 | Build | Farm |
| 17:32 | Build | Farm |
| 17:32 | Build | Farm |
| 17:45 | Build | House |
| 17:47 | Build | House |
| 17:48 | Build | House |
| 17:50 | Build | House |
| 17:51 | Build | House |
| 17:53 | Create | Villager (Male) |
| 18:26 | Build | Market |
| 18:29 | Build | Market |
| 18:33 | Build | Market |
| 18:35 | Build | Market |
| 18:38 | Build | Market |
| 18:43 | Build | Market |
| 18:45 | Build | Market |
| 18:56 | Create | Villager (Male) |
| 18:57 | Create | Villager (Male) |
| 19:02 | Build | Farm |
| 19:12 | Build | Lumber Camp |
| 19:15 | Create | Villager (Male) |
| 19:46 | Create | Trade Cart |
| 19:57 | Research | Heavy Plow |
| 20:00 | Research | Bow Saw |
| 20:18 | Build | House |
| 20:21 | Build | House |
| 20:27 | Build | House |
| 20:29 | Build | House |
| 20:30 | Build | House |
| 20:31 | Build | House |
| 20:32 | Build | House |
| 20:37 | Build | House |
| 20:39 | Create | Villager (Male) |
| 20:39 | Create | Villager (Male) |
| 20:40 | Create | Villager (Male) |
| 20:45 | Create | Trade Cart ×5 |
| 20:56 | Build | House |
| 20:56 | Build | House |
| 20:59 | Build | House |
| 21:01 | Build | House |
| 21:04 | Build | House |
| 21:06 | Build | House |
| 21:07 | Build | House |
| 21:11 | Build | House |
| 21:14 | Build | House |
| 21:15 | Build | House |
| 21:16 | Build | House |
| 21:17 | Build | House |
| 21:18 | Build | House |
| 21:20 | Build | House |
| 21:29 | Build | Building 487 |
| 21:37 | Create | Trade Cart ×5 |
| 21:46 | Build | Building 487 |
| 21:49 | Build | Building 487 |
| 21:51 | Build | Building 487 |
| 21:56 | Build | Building 487 |
| 22:04 | Create | Villager (Male) |
| 22:05 | Create | Villager (Male) |
| 22:05 | Create | Villager (Male) |
| 22:05 | Create | Villager (Male) |
| 22:06 | Create | Villager (Male) |
| 22:17 | Build | Stone Wall |
| 22:20 | Build | Stone Wall |
| 22:26 | Build | Stone Wall |
| 22:30 | Build | Stone Wall |
| 22:32 | Create | Villager (Male) |
| 22:33 | Create | Villager (Male) |
| 22:38 | Create | Trade Cart ×5 |
| 22:38 | Create | Trade Cart ×5 |
| 23:16 | Research | Gold Shaft Mining |
| 23:31 | Build | Barracks |
| 23:51 | Create | Trade Cart ×3 |
| 23:52 | Create | Trade Cart |
| 23:52 | Create | Trade Cart |
| 23:59 | Build | Building 487 |
| 24:04 | Create | Villager (Male) |
| 24:04 | Create | Villager (Male) |
| 24:25 | Research | Caravan |
| 24:34 | Create | Trade Cart ×4 |
| 24:54 | Build | Lumber Camp |
Build order — Emotions are prohibited
First 150 of 390 actions detected
| 0:04 | Create | Villager (Male) |
| 0:05 | Create | Villager (Male) |
| 0:05 | Create | Villager (Male) |
| 0:05 | Create | Villager (Male) |
| 0:06 | Create | Villager (Male) |
| 0:09 | Build | House |
| 0:13 | Build | House |
| 0:23 | Build | Settlement |
| 2:41 | Create | Villager (Male) |
| 2:41 | Create | Villager (Male) |
| 2:55 | Create | Villager (Male) |
| 2:56 | Create | Villager (Male) |
| 2:56 | Create | Villager (Male) |
| 3:21 | Create | Villager (Male) |
| 3:21 | Create | Villager (Male) |
| 3:48 | Build | Settlement |
| 3:59 | Create | Villager (Male) |
| 4:22 | Create | Villager (Male) |
| 4:45 | Create | Villager (Male) |
| 5:19 | Create | Villager (Male) |
| 5:56 | Create | Villager (Male) |
| 6:33 | Create | Villager (Male) |
| 7:24 | Build | Settlement |
| 7:34 | Research | Feudal Age |
| 9:32 | Create | Villager (Male) |
| 9:44 | Age | Feudal Age |
| 9:47 | Research | Wheelbarrow |
| 9:56 | Research | Horse Collar |
| 9:59 | Research | Double-Bit Axe |
| 10:19 | Build | Blacksmith |
| 10:22 | Create | Villager (Male) |
| 10:23 | Create | Villager (Male) |
| 11:03 | Build | Market |
| 11:29 | Build | Farm |
| 11:30 | Create | Villager (Male) |
| 11:37 | Build | Farm |
| 12:11 | Create | Villager (Male) |
| 13:09 | Build | Farm |
| 13:09 | Build | Farm |
| 13:09 | Build | Farm |
| 13:10 | Build | Farm |
| 13:21 | Research | Town Watch |
| 13:21 | Create | Villager (Male) |
| 13:57 | Research | Castle Age |
| 14:16 | Build | Market |
| 14:35 | Build | Market |
| 15:33 | Build | Settlement |
| 15:59 | Create | Trade Cart |
| 16:03 | Create | Trade Cart |
| 16:17 | Build | Settlement |
| 16:51 | Age | Castle Age |
| 16:53 | Research | Hand Cart |
| 17:27 | Research | Bow Saw |
| 17:54 | Create | Villager (Male) |
| 17:55 | Create | Villager (Male) |
| 17:56 | Create | Villager (Male) |
| 18:15 | Research | Heavy Plow |
| 18:27 | Build | Monastery |
| 18:39 | Build | University |
| 18:48 | Create | Villager (Male) |
| 18:48 | Create | Villager (Male) |
| 18:54 | Build | Farm |
| 18:57 | Build | Farm |
| 19:19 | Create | Trade Cart |
| 19:20 | Create | Trade Cart |
| 19:47 | Build | Settlement |
| 20:19 | Create | Villager (Male) |
| 20:38 | Create | Villager (Male) |
| 20:50 | Build | Castle |
| 20:55 | Build | Farm |
| 21:01 | Create | Monk |
| 21:13 | Create | Villager (Male) |
| 21:45 | Create | Villager (Male) |
| 22:03 | Build | Barracks |
| 22:16 | Create | Villager (Male) |
| 22:18 | Research | Loom |
| 22:19 | Create | Villager (Male) |
| 22:32 | Create | Villager (Male) |
| 22:48 | Create | Trade Cart |
| 22:48 | Create | Trade Cart |
| 22:49 | Create | Trade Cart |
| 22:49 | Create | Trade Cart |
| 22:50 | Create | Trade Cart |
| 22:50 | Create | Trade Cart |
| 22:53 | Research | Caravan |
| 23:15 | Build | Farm |
| 23:17 | Build | Farm |
| 23:20 | Build | Farm |
| 23:22 | Build | Farm |
| 23:25 | Build | Farm |
| 23:27 | Build | Farm |
| 23:30 | Build | Farm |
| 23:33 | Build | Farm |
| 23:50 | Build | Farm |
| 23:52 | Build | Farm |
| 24:00 | Build | Farm |
| 24:08 | Build | Farm |
| 24:13 | Build | Farm |
| 24:18 | Create | Villager (Male) |
| 24:22 | Build | Farm |
| 24:24 | Build | Farm |
| 24:26 | Create | Villager (Male) |
| 24:27 | Build | Farm |
| 24:29 | Build | Farm |
| 24:32 | Build | Farm |
| 24:33 | Create | Villager (Male) |
| 24:34 | Build | Farm |
| 24:37 | Build | Farm |
| 24:38 | Create | Villager (Male) |
| 24:51 | Build | Settlement |
| 25:21 | Build | Building 487 |
| 25:23 | Build | Stone Wall |
| 25:27 | Build | Stone Wall |
| 25:30 | Create | Villager (Male) |
| 25:31 | Create | Villager (Male) |
| 25:35 | Build | Building 487 |
| 25:38 | Build | Stone Wall |
| 25:57 | Create | Villager (Male) |
| 25:58 | Create | Villager (Male) |
| 26:35 | Build | Siege Workshop |
| 26:54 | Build | Siege Workshop |
| 27:01 | Create | Villager (Male) |
| 27:02 | Create | Villager (Male) |
| 27:10 | Build | House |
| 27:12 | Build | House |
| 27:18 | Build | House |
| 27:21 | Build | House |
| 27:25 | Build | House |
| 27:28 | Build | House |
| 27:31 | Create | Villager (Male) |
| 27:32 | Build | Farm |
| 27:38 | Build | Stone Wall |
| 27:39 | Build | Stone Wall |
| 27:40 | Build | Stone Wall |
| 27:52 | Build | Settlement |
| 28:13 | Build | Outpost |
| 28:16 | Build | Outpost |
| 28:20 | Create | Mangonel |
| 28:22 | Create | Mangonel |
| 28:22 | Create | Mangonel |
| 28:23 | Create | Mangonel |
| 28:26 | Research | Imperial Age |
| 28:27 | Research | Imperial Age |
| 28:34 | Create | Trade Cart |
| 28:35 | Create | Trade Cart |
| 28:35 | Create | Trade Cart |
| 28:35 | Create | Trade Cart |
| 28:36 | Create | Trade Cart |
| 28:36 | Create | Trade Cart |
| 28:37 | Create | Trade Cart |
Build order — wkufin
First 150 of 412 actions detected
| 0:03 | Create | Villager (Male) ×4 |
| 0:03 | Create | Villager (Male) ×4 |
| 0:08 | Build | House |
| 0:16 | Build | Lumber Camp |
| 1:17 | Create | Villager (Male) |
| 1:17 | Create | Villager (Male) |
| 1:40 | Create | Villager (Male) |
| 1:40 | Create | Villager (Male) |
| 2:16 | Create | Villager (Male) ×2 |
| 2:16 | Create | Villager (Male) ×2 |
| 2:24 | Create | Villager (Male) |
| 2:24 | Create | Villager (Male) |
| 2:36 | Create | Villager (Male) |
| 3:01 | Create | Villager (Male) ×2 |
| 3:02 | Create | Villager (Male) ×2 |
| 3:32 | Create | Villager (Male) ×2 |
| 3:32 | Create | Villager (Male) ×2 |
| 3:47 | Create | Villager (Male) |
| 3:48 | Create | Villager (Male) |
| 4:03 | Create | Villager (Male) |
| 4:03 | Create | Villager (Male) |
| 4:19 | Build | House |
| 4:26 | Build | House |
| 4:32 | Create | Villager (Male) ×3 |
| 4:32 | Create | Villager (Male) ×3 |
| 4:33 | Research | Loom |
| 4:37 | Create | Villager (Male) ×5 |
| 5:10 | Build | Mill |
| 5:21 | Create | Villager (Male) ×5 |
| 5:21 | Create | Villager (Male) ×5 |
| 5:21 | Create | Villager (Male) ×2 |
| 6:18 | Create | Villager (Male) ×2 |
| 6:18 | Create | Villager (Male) ×2 |
| 6:41 | Build | Mill |
| 6:50 | Create | Villager (Male) |
| 7:15 | Build | Mill |
| 7:32 | Create | Villager (Male) |
| 7:33 | Create | Villager (Male) |
| 7:42 | Build | House |
| 7:43 | Build | House |
| 7:45 | Build | House |
| 7:45 | Build | House |
| 8:35 | Create | Villager (Male) |
| 9:03 | Create | Villager (Male) |
| 9:35 | Build | Lumber Camp |
| 9:46 | Research | Feudal Age |
| 10:32 | Create | Villager (Male) ×5 |
| 11:10 | Build | Mining Camp |
| 11:59 | Build | Mining Camp |
| 12:35 | Age | Feudal Age |
| 12:38 | Build | Market |
| 12:42 | Build | Market |
| 12:48 | Create | Villager (Male) |
| 13:02 | Build | Blacksmith |
| 13:19 | Build | Lumber Camp |
| 13:28 | Research | Castle Age |
| 14:25 | Build | House |
| 14:26 | Build | House |
| 14:28 | Build | House |
| 14:29 | Build | House |
| 14:29 | Build | House |
| 14:30 | Build | House |
| 14:51 | Build | Farm |
| 14:51 | Build | Farm |
| 14:52 | Build | Farm |
| 14:52 | Build | Farm |
| 14:52 | Build | Farm |
| 14:53 | Build | Farm |
| 14:53 | Build | Farm |
| 14:53 | Build | Farm |
| 14:58 | Research | Horse Collar |
| 15:02 | Research | Double-Bit Axe |
| 15:13 | Create | Trade Cart |
| 15:31 | Create | Trade Cart |
| 15:31 | Create | Trade Cart |
| 15:43 | Create | Trade Cart |
| 16:00 | Create | Trade Cart |
| 16:08 | Create | Trade Cart |
| 16:36 | Create | Trade Cart |
| 16:40 | Create | Trade Cart |
| 17:13 | Create | Trade Cart ×2 |
| 17:13 | Create | Trade Cart ×2 |
| 17:20 | Age | Castle Age |
| 17:27 | Build | Monastery |
| 17:37 | Create | Villager (Male) ×5 |
| 17:37 | Create | Villager (Male) ×5 |
| 17:48 | Create | Trade Cart |
| 17:48 | Create | Trade Cart |
| 18:02 | Build | Farm |
| 18:14 | Build | Farm |
| 18:16 | Create | Monk |
| 18:38 | Create | Villager (Male) ×4 |
| 18:46 | Build | Lumber Camp |
| 19:11 | Research | Heavy Plow |
| 19:36 | Create | Villager (Male) |
| 19:36 | Create | Villager (Male) |
| 19:48 | Build | Lumber Camp |
| 19:56 | Create | Villager (Male) ×2 |
| 19:57 | Create | Villager (Male) ×2 |
| 20:06 | Create | Trade Cart ×4 |
| 20:06 | Create | Trade Cart ×4 |
| 20:06 | Create | Trade Cart |
| 20:24 | Create | Villager (Male) ×2 |
| 20:24 | Create | Villager (Male) ×2 |
| 20:35 | Build | Castle |
| 20:51 | Build | University |
| 20:55 | Create | Villager (Male) ×2 |
| 20:56 | Create | Villager (Male) ×2 |
| 21:10 | Create | Trade Cart ×3 |
| 21:11 | Create | Trade Cart ×3 |
| 21:23 | Create | Villager (Male) |
| 21:23 | Create | Villager (Male) |
| 21:24 | Create | Villager (Male) |
| 21:53 | Build | House |
| 21:53 | Build | House |
| 21:53 | Build | House |
| 21:55 | Build | House |
| 21:55 | Build | House |
| 21:56 | Build | House |
| 21:56 | Build | House |
| 21:57 | Build | House |
| 21:57 | Build | House |
| 21:58 | Build | House |
| 21:58 | Build | House |
| 21:59 | Build | House |
| 22:00 | Build | House |
| 22:00 | Build | House |
| 22:00 | Build | House |
| 22:01 | Build | House |
| 22:01 | Build | House |
| 22:02 | Build | House |
| 22:03 | Build | House |
| 22:03 | Build | House |
| 22:04 | Build | House |
| 22:04 | Build | House |
| 22:05 | Build | House |
| 22:05 | Build | House |
| 22:06 | Build | House |
| 22:06 | Build | House |
| 22:07 | Build | House |
| 22:07 | Build | House |
| 22:22 | Build | House |
| 22:23 | Build | House |
| 22:26 | Build | House |
| 22:27 | Build | House |
| 22:30 | Build | House |
| 22:39 | Create | Villager (Male) ×5 |
| 22:46 | Create | Trade Cart ×5 |
| 22:47 | Create | Trade Cart ×5 |
| 23:16 | Build | Siege Workshop |
Build order — exchanged3170
First 150 of 371 actions detected
| 0:30 | Build | House |
| 0:32 | Create | Villager (Male) |
| 0:32 | Create | Villager (Male) |
| 0:33 | Create | Villager (Male) |
| 0:33 | Create | Villager (Male) |
| 0:38 | Build | House |
| 1:46 | Create | Villager (Male) |
| 4:21 | Build | Mill |
| 4:35 | Build | Mill |
| 4:39 | Create | Villager (Male) |
| 4:40 | Create | Villager (Male) |
| 4:40 | Create | Villager (Male) |
| 4:40 | Create | Villager (Male) |
| 4:41 | Create | Villager (Male) |
| 4:41 | Create | Villager (Male) |
| 5:22 | Build | Lumber Camp |
| 5:29 | Create | Villager (Male) |
| 5:56 | Create | Villager (Male) |
| 6:29 | Create | Villager (Male) |
| 6:48 | Build | Mill |
| 6:56 | Create | Villager (Male) |
| 7:52 | Research | Feudal Age |
| 8:15 | Build | Mining Camp |
| 10:26 | Build | Lumber Camp |
| 11:01 | Research | Wheelbarrow |
| 11:10 | Build | House |
| 11:23 | Build | Market |
| 11:57 | Build | Blacksmith |
| 12:08 | Build | Blacksmith |
| 12:16 | Create | Villager (Male) |
| 12:48 | Build | Farm |
| 13:04 | Research | Castle Age |
| 13:52 | Research | Double-Bit Axe |
| 13:56 | Research | Horse Collar |
| 14:05 | Build | Farm |
| 14:10 | Build | Farm |
| 14:12 | Build | Farm |
| 14:25 | Create | Villager (Male) |
| 14:26 | Create | Villager (Male) |
| 14:39 | Build | House |
| 14:44 | Build | House |
| 15:00 | Build | Farm |
| 15:28 | Build | Mining Camp |
| 15:36 | Build | House |
| 15:39 | Build | House |
| 15:54 | Create | Villager (Male) |
| 15:54 | Create | Villager (Male) |
| 16:00 | Research | Heavy Plow |
| 16:18 | Build | Farm |
| 16:20 | Build | Farm |
| 16:28 | Build | House |
| 16:36 | Build | House |
| 16:38 | Build | House |
| 16:55 | Create | Trade Cart |
| 17:13 | Build | Market |
| 17:32 | Build | Stone Wall |
| 18:00 | Build | Monastery |
| 18:06 | Build | House |
| 18:07 | Build | House |
| 18:09 | Build | House |
| 18:11 | Build | House |
| 18:27 | Build | Lumber Camp |
| 18:30 | Create | Villager (Male) |
| 18:30 | Create | Villager (Male) |
| 18:31 | Create | Villager (Male) |
| 18:31 | Create | Villager (Male) |
| 18:32 | Create | Villager (Male) |
| 18:53 | Build | Stone Wall |
| 18:57 | Build | Stone Wall |
| 19:10 | Build | Stone Wall |
| 19:16 | Build | Stone Wall |
| 19:22 | Build | Stone Wall |
| 19:28 | Create | Trade Cart |
| 19:28 | Create | Trade Cart |
| 19:35 | Create | Trade Cart |
| 19:41 | Research | Caravan |
| 19:41 | Create | Trade Cart |
| 19:41 | Create | Trade Cart |
| 19:41 | Create | Trade Cart |
| 19:48 | Build | Lumber Camp |
| 20:01 | Research | Gold Mining |
| 20:09 | Research | Bow Saw |
| 20:16 | Build | Farm |
| 20:32 | Create | Villager (Male) |
| 20:49 | Build | House |
| 20:58 | Build | Mill |
| 21:12 | Build | Farm |
| 21:19 | Build | Farm |
| 21:40 | Build | Farm |
| 21:47 | Build | Farm |
| 22:03 | Create | Villager (Male) |
| 22:04 | Create | Villager (Male) |
| 22:05 | Create | Villager (Male) |
| 22:23 | Build | Stone Wall |
| 22:26 | Build | Stone Wall |
| 22:49 | Build | Stone Wall |
| 22:52 | Build | Stone Wall |
| 22:58 | Build | Stone Wall |
| 23:06 | Build | Stone Wall |
| 23:23 | Create | Villager (Male) |
| 23:24 | Create | Villager (Male) |
| 23:26 | Research | Hand Cart |
| 23:28 | Create | Villager (Male) |
| 23:28 | Create | Villager (Male) |
| 23:32 | Create | Trade Cart |
| 23:32 | Create | Trade Cart |
| 23:33 | Create | Trade Cart |
| 23:47 | Build | Market |
| 23:49 | Create | Trade Cart |
| 23:58 | Create | Trade Cart |
| 23:58 | Create | Trade Cart |
| 23:58 | Create | Trade Cart |
| 24:37 | Build | University |
| 24:40 | Build | House |
| 24:53 | Build | Lumber Camp |
| 25:01 | Build | Farm |
| 25:08 | Create | Trade Cart |
| 25:09 | Create | Trade Cart |
| 25:09 | Create | Trade Cart |
| 25:16 | Create | Trade Cart |
| 25:16 | Create | Trade Cart |
| 25:35 | Build | Stone Wall |
| 25:38 | Build | Stone Wall |
| 25:47 | Build | Stone Wall |
| 25:52 | Build | Stone Wall |
| 26:07 | Create | Villager (Male) |
| 26:07 | Create | Villager (Male) |
| 26:08 | Create | Villager (Male) |
| 26:08 | Create | Villager (Male) |
| 26:09 | Create | Villager (Male) |
| 26:13 | Research | Stone Mining |
| 26:20 | Build | House |
| 26:22 | Build | House |
| 26:24 | Build | House |
| 26:24 | Build | House |
| 26:27 | Build | House |
| 26:28 | Build | House |
| 26:33 | Create | Trade Cart |
| 26:35 | Create | Trade Cart |
| 26:36 | Create | Trade Cart |
| 26:41 | Create | Trade Cart |
| 26:42 | Create | Trade Cart |
| 26:53 | Research | Fortified Wall (upgrade) |
| 27:16 | Build | Stone Wall |
| 27:21 | Build | Stone Wall |
| 27:24 | Build | Stone Wall |
| 27:37 | Create | Villager (Male) |
| 28:01 | Build | Mining Camp |
| 28:15 | Build | Stone Wall |
| 28:19 | Build | Stone Wall |
Build order — GMD IMPERIO
First 150 of 338 actions detected
| 0:13 | Build | Mill |
| 0:23 | Research | Loom |
| 0:24 | Create | Villager (Male) |
| 0:24 | Create | Villager (Male) |
| 0:24 | Create | Villager (Male) |
| 0:25 | Create | Villager (Male) |
| 0:25 | Create | Villager (Male) |
| 0:50 | Build | House |
| 0:52 | Build | House |
| 0:53 | Build | House |
| 3:37 | Create | Villager (Male) |
| 3:37 | Create | Villager (Male) |
| 3:38 | Create | Villager (Male) |
| 3:38 | Create | Villager (Male) |
| 6:00 | Research | Feudal Age |
| 6:37 | Build | Lumber Camp |
| 8:10 | Age | Feudal Age |
| 8:45 | Research | Horse Collar |
| 8:48 | Research | Wheelbarrow |
| 8:54 | Create | Villager (Male) |
| 8:55 | Create | Villager (Male) |
| 8:55 | Create | Villager (Male) |
| 10:27 | Create | Villager (Male) |
| 10:28 | Create | Villager (Male) |
| 10:28 | Create | Villager (Male) |
| 10:28 | Create | Villager (Male) |
| 10:51 | Build | Mining Camp |
| 12:31 | Build | Lumber Camp |
| 13:24 | Build | Farm |
| 13:39 | Build | Farm |
| 13:52 | Build | Farm |
| 14:02 | Build | Farm |
| 14:18 | Build | Farm |
| 14:31 | Create | Villager (Male) |
| 14:36 | Research | Castle Age |
| 14:41 | Research | Gold Mining |
| 14:43 | Research | Stone Mining |
| 15:02 | Build | House |
| 15:04 | Build | House |
| 15:05 | Build | House |
| 16:43 | Build | House |
| 16:44 | Build | House |
| 17:34 | Research | Double-Bit Axe |
| 17:36 | Age | Castle Age |
| 17:39 | Research | Heavy Plow |
| 18:00 | Build | Mining Camp |
| 18:09 | Build | House |
| 18:11 | Build | House |
| 18:13 | Build | House |
| 18:14 | Build | House |
| 18:16 | Build | House |
| 18:18 | Build | House |
| 18:40 | Build | Blacksmith |
| 18:50 | Research | Hand Cart |
| 18:53 | Research | Gold Shaft Mining |
| 19:06 | Create | Villager (Male) |
| 19:06 | Create | Villager (Male) |
| 19:40 | Build | Market |
| 20:15 | Build | Farm |
| 20:17 | Build | Farm |
| 20:21 | Create | Villager (Male) |
| 20:21 | Create | Villager (Male) |
| 20:22 | Create | Villager (Male) |
| 20:22 | Create | Villager (Male) |
| 20:31 | Build | Farm |
| 20:33 | Build | Farm |
| 20:34 | Build | Farm |
| 20:44 | Create | Villager (Male) |
| 20:44 | Create | Villager (Male) |
| 20:44 | Create | Villager (Male) |
| 21:00 | Build | Lumber Camp |
| 21:54 | Build | Lumber Camp |
| 22:14 | Build | Farm |
| 22:19 | Create | Villager (Male) |
| 22:19 | Create | Villager (Male) |
| 22:20 | Create | Villager (Male) |
| 22:20 | Create | Villager (Male) |
| 22:20 | Create | Villager (Male) |
| 22:21 | Create | Villager (Male) |
| 22:32 | Build | Farm |
| 22:34 | Build | Farm |
| 22:36 | Build | Farm |
| 22:37 | Build | Farm |
| 22:39 | Build | Farm |
| 22:57 | Research | Bow Saw |
| 23:53 | Research | Scale Barding Armor |
| 24:13 | Research | Stone Shaft Mining |
| 24:35 | Create | Villager (Male) |
| 24:35 | Create | Villager (Male) |
| 24:35 | Create | Villager (Male) |
| 24:36 | Create | Villager (Male) |
| 24:42 | Build | Farm |
| 25:20 | Create | Villager (Male) |
| 25:21 | Create | Villager (Male) |
| 25:21 | Create | Villager (Male) |
| 25:21 | Create | Villager (Male) |
| 25:22 | Create | Villager (Male) |
| 25:22 | Create | Villager (Male) |
| 26:01 | Create | Trade Cart |
| 26:01 | Create | Trade Cart |
| 26:02 | Create | Trade Cart |
| 26:02 | Create | Trade Cart |
| 26:03 | Create | Trade Cart |
| 26:36 | Build | Castle |
| 26:45 | Create | Villager (Male) |
| 26:46 | Create | Villager (Male) |
| 27:26 | Research | Caravan |
| 27:28 | Research | Coinage |
| 28:43 | Create | Villager (Male) |
| 28:43 | Create | Villager (Male) |
| 28:44 | Create | Villager (Male) |
| 28:44 | Create | Villager (Male) |
| 28:45 | Create | Villager (Male) |
| 28:45 | Create | Villager (Male) |
| 29:07 | Build | Farm |
| 29:09 | Build | Farm |
| 29:14 | Build | Farm |
| 29:15 | Build | Farm |
| 29:18 | Build | Farm |
| 29:19 | Build | Farm |
| 29:20 | Build | Farm |
| 29:22 | Build | Farm |
| 29:25 | Build | Farm |
| 29:27 | Build | Farm |
| 29:28 | Build | Farm |
| 29:30 | Build | Farm |
| 29:44 | Create | Villager (Male) |
| 29:45 | Create | Villager (Male) |
| 29:45 | Create | Villager (Male) |
| 29:56 | Research | Chain Barding Armor |
| 29:57 | Research | Forging |
| 29:59 | Research | Padded Archer Armor |
| 30:00 | Research | Fletching |
| 30:20 | Create | Trade Cart |
| 30:20 | Create | Trade Cart |
| 30:21 | Create | Trade Cart |
| 30:21 | Create | Trade Cart |
| 30:21 | Create | Trade Cart |
| 30:45 | Build | Stable |
| 30:50 | Build | Stable |
| 31:15 | Research | Tusk Swords |
| 31:53 | Research | Imperial Age |
| 32:47 | Build | Mining Camp |
| 33:32 | Research | Iron Casting |
| 33:34 | Research | Leather Archer Armor |
| 33:34 | Research | Bodkin Arrow |
| 34:03 | Build | University |
| 34:39 | Build | Lumber Camp |
| 35:16 | Build | Mining Camp |
| 35:24 | Research | Murder Holes |
Match timeline
| 8:10 | GMD IMPERIO · age_up feudal |
| 9:44 | Emotions are prohibited · age_up feudal |
| 11:02 | IsaacNewton · age_up feudal |
| 11:26 | marvin · age_up feudal |
| 12:35 | wkufin · age_up feudal |
| 13:50 | Emotions are prohibited · first_market_sell 100 wood |
| 15:13 | marvin · wall_segment Stone Wall x6 |
| 15:17 | marvin · wall_segment Stone Wall x3 |
| 15:24 | marvin · wall_segment Stone Wall x4 |
| 15:29 | marvin · wall_segment Stone Wall x8 |
| 15:36 | marvin · wall_segment Stone Wall x4 |
| 15:42 | marvin · wall_segment Stone Wall x6 |
| 15:48 | marvin · wall_segment Stone Wall x8 |
| 15:53 | marvin · wall_segment Stone Wall x6 |
| 16:05 | marvin · wall_segment Stone Wall x4 |
| 16:08 | marvin · wall_segment Stone Wall x3 |
| 16:13 | marvin · wall_segment Stone Wall x17 |
| 16:21 | marvin · wall_segment Stone Wall x9 |
| 16:51 | Emotions are prohibited · age_up castle |
| 17:16 | marvin · age_up castle |
| 17:20 | wkufin · age_up castle |
| 17:27 | wkufin · first_building Monastery |
| 17:32 | exchanged3170 · wall_segment Stone Wall x11 |
| 17:36 | GMD IMPERIO · age_up castle |
| 18:00 | exchanged3170 · first_building Monastery |
| 18:27 | Emotions are prohibited · first_building Monastery |
| 18:53 | exchanged3170 · wall_segment Stone Wall x5 |
| 18:57 | exchanged3170 · wall_segment Stone Wall x5 |
| 19:10 | exchanged3170 · wall_segment Stone Wall x6 |
| 19:16 | exchanged3170 · wall_segment Stone Wall x3 |
| 19:22 | exchanged3170 · wall_segment Stone Wall x9 |
| 19:50 | marvin · first_market_sell 100 wood |
| 19:52 | marvin · first_market_buy 100 food |
| 20:35 | wkufin · first_building Castle |
| 20:50 | Emotions are prohibited · first_building Castle |
| 21:29 | IsaacNewton · age_up castle |
| 22:03 | Emotions are prohibited · first_building Barracks |
| 22:17 | marvin · wall_segment Stone Wall x6 |
| 22:20 | marvin · wall_segment Stone Wall x9 |
| 22:23 | exchanged3170 · wall_segment Stone Wall x3 |
| 22:26 | marvin · wall_segment Stone Wall x4 |
| 22:26 | exchanged3170 · wall_segment Stone Wall x7 |
| 22:30 | marvin · wall_segment Stone Wall x6 |
| 22:49 | exchanged3170 · wall_segment Stone Wall x5 |
| 22:52 | exchanged3170 · wall_segment Stone Wall x4 |
| 22:58 | exchanged3170 · wall_segment Stone Wall x8 |
| 23:06 | exchanged3170 · wall_segment Stone Wall x9 |
| 23:16 | wkufin · first_building Siege Workshop |
| 23:19 | IsaacNewton · wall_segment Stone Wall x27 |
| 23:24 | wkufin · first_building Barracks |
| 23:31 | marvin · first_building Barracks |
| 25:06 | wkufin · first_building Stable |
| 25:23 | Emotions are prohibited · wall_segment Stone Wall x1 |
| 25:26 | wkufin · wall_segment Stone Wall x5 |
| 25:27 | Emotions are prohibited · wall_segment Stone Wall x6 |
| 25:27 | marvin · wall_segment Stone Wall x20 |
| 25:35 | exchanged3170 · wall_segment Stone Wall x4 |
| 25:38 | Emotions are prohibited · wall_segment Stone Wall x6 |
| 25:38 | exchanged3170 · wall_segment Stone Wall x8 |
| 25:47 | exchanged3170 · wall_segment Stone Wall x4 |
| 25:52 | exchanged3170 · wall_segment Stone Wall x4 |
| 25:56 | IsaacNewton · first_building Castle |
| 26:35 | Emotions are prohibited · first_building Siege Workshop |
| 26:36 | GMD IMPERIO · first_building Castle |
| 27:11 | marvin · wall_segment Stone Wall x6 |
| 27:14 | marvin · wall_segment Stone Wall x11 |
| 27:16 | exchanged3170 · wall_segment Stone Wall x4 |
| 27:21 | exchanged3170 · wall_segment Stone Wall x4 |
| 27:24 | exchanged3170 · wall_segment Stone Wall x4 |
| 27:38 | Emotions are prohibited · wall_segment Stone Wall x1 |
| 27:39 | Emotions are prohibited · wall_segment Stone Wall x1 |
| 27:40 | Emotions are prohibited · wall_segment Stone Wall x1 |
| 28:08 | IsaacNewton · wall_segment Stone Wall x22 |
| 28:15 | exchanged3170 · wall_segment Stone Wall x4 |
| 28:19 | exchanged3170 · wall_segment Stone Wall x1 |
| 28:22 | exchanged3170 · wall_segment Stone Wall x3 |
| 28:25 | exchanged3170 · wall_segment Stone Wall x2 |
| 28:29 | exchanged3170 · wall_segment Stone Wall x2 |
| 28:34 | exchanged3170 · wall_segment Stone Wall x2 |
| 28:37 | exchanged3170 · wall_segment Stone Wall x5 |
| 28:54 | IsaacNewton · age_up imperial |
| 28:59 | Emotions are prohibited · wall_segment Stone Wall x13 |
| 29:06 | IsaacNewton · first_building Stable |
| 29:11 | marvin · first_building Monastery |
| 29:26 | Emotions are prohibited · wall_segment Stone Wall x3 |
| 29:57 | Emotions are prohibited · wall_segment Stone Wall x3 |
| 29:58 | marvin · first_building Archery Range |
| 30:00 | Emotions are prohibited · wall_segment Stone Wall x17 |
| 30:02 | exchanged3170 · wall_segment Stone Wall x5 |
| 30:07 | exchanged3170 · wall_segment Stone Wall x6 |
| 30:11 | wkufin · wall_segment Stone Wall x19 |
| 30:13 | exchanged3170 · wall_segment Stone Wall x3 |
| 30:14 | IsaacNewton · first_market_sell 100 wood |
| 30:18 | exchanged3170 · wall_segment Stone Wall x4 |
| 30:20 | exchanged3170 · wall_segment Stone Wall x3 |
| 30:22 | wkufin · wall_segment Stone Wall x9 |
| 30:23 | wkufin · wall_segment Stone Wall x5 |
| 30:30 | wkufin · wall_segment Stone Wall x10 |
| 30:31 | Emotions are prohibited · wall_segment Stone Wall x13 |
| 30:34 | Emotions are prohibited · wall_segment Stone Wall x3 |
| 30:36 | Emotions are prohibited · wall_segment Stone Wall x1 |
| 30:37 | marvin · wall_segment Stone Wall x9 |
| 30:44 | Emotions are prohibited · wall_segment Stone Wall x7 |
| 30:45 | GMD IMPERIO · first_building Stable |
| 30:48 | wkufin · wall_segment Stone Wall x18 |
| 30:54 | wkufin · wall_segment Stone Wall x15 |
| 30:57 | wkufin · wall_segment Stone Wall x10 |
| 31:34 | wkufin · first_building Archery Range |
| 31:36 | marvin · wall_segment Stone Wall x1 |
| 32:04 | Emotions are prohibited · age_up imperial |
| 32:42 | marvin · first_building Castle |
| 32:46 | IsaacNewton · wall_segment Stone Wall x47 |
| 34:32 | wkufin · age_up imperial |
| 34:46 | Emotions are prohibited · wall_segment Stone Wall x2 |
| 34:51 | IsaacNewton · first_building Siege Workshop |
| 34:51 | Emotions are prohibited · wall_segment Stone Wall x63 |
| 35:01 | Emotions are prohibited · wall_segment Stone Wall x6 |
| 35:02 | wkufin · first_market_buy 500 food |
| 35:04 | marvin · first_building Siege Workshop |
| 35:04 | Emotions are prohibited · wall_segment Stone Wall x2 |
| 35:06 | Emotions are prohibited · wall_segment Stone Wall x15 |
| 35:20 | marvin · first_building Stable |
| 35:37 | marvin · age_up imperial |
| 35:55 | GMD IMPERIO · age_up imperial |
| 38:52 | exchanged3170 · first_building Castle |
| 39:32 | wkufin · wall_segment Stone Wall x16 |
| 41:01 | exchanged3170 · first_building Siege Workshop |
| 41:35 | exchanged3170 · wall_segment Stone Wall x17 |
| 42:10 | IsaacNewton · wall_segment Stone Wall x6 |
| 42:15 | IsaacNewton · wall_segment Stone Wall x10 |
| 42:19 | IsaacNewton · wall_segment Stone Wall x6 |
| 42:22 | IsaacNewton · wall_segment Stone Wall x6 |
| 42:24 | IsaacNewton · wall_segment Stone Wall x6 |
| 42:31 | IsaacNewton · wall_segment Stone Wall x11 |
| 43:05 | exchanged3170 · first_building Barracks |
| 44:30 | exchanged3170 · first_building Stable |
| 45:22 | Emotions are prohibited · first_market_buy 100 stone |
| 46:42 | IsaacNewton · first_market_buy 100 stone |
| 47:06 | IsaacNewton · wall_segment Stone Wall x13 |
| 47:10 | IsaacNewton · wall_segment Stone Wall x18 |
| 47:14 | IsaacNewton · wall_segment Stone Wall x14 |
| 47:18 | IsaacNewton · wall_segment Stone Wall x18 |
| 47:19 | IsaacNewton · wall_segment Stone Wall x2 |
| 47:49 | exchanged3170 · first_market_buy 500 food |
| 48:58 | IsaacNewton · first_building Barracks |
| 49:59 | Emotions are prohibited · wall_segment Stone Wall x1 |
| 50:01 | Emotions are prohibited · wall_segment Stone Wall x1 |
| 50:03 | Emotions are prohibited · wall_segment Stone Wall x1 |
| 51:10 | Emotions are prohibited · wall_segment Stone Wall x3 |
| 51:30 | Emotions are prohibited · first_building Archery Range |
| 56:12 | wkufin · wall_segment Stone Wall x9 |
[ AI ANALYSIS · 1 CREDIT ]
What really happened in this match?
Wolo.gg analyzes every decision: build order, eco, micro, common mistakes by bracket. Personalized analysis on WhatsApp or Discord in 30 seconds.
Civ guide
Khmer
Map guide
Michi
Perfil
IsaacNewton